 Dungeon Crawl Stone Soup version 0.30.1 (webtiles) character file.

Game seed: 10903594014488260571

1618 FallenXxXSky the Cleaver (level 9, -3/62 (63) HPs)
             Began as a Human Monk on July 8, 2023.
             Was an Elder of Elyvilon.
             Slain by a phantom (4 damage)
             ... on level 7 of the Dungeon.
             The game lasted 00:11:54 (5255 turns).

FallenXxXSky the Cleaver (Human Monk)               Turns: 5255, Time: 00:11:55

HP:   -3/62 (63)    AC: 13    Str: 15    XL:     9   Next: 17%
MP:   2/12          EV:  6    Int: 11    God:    Elyvilon [****..]
Gold: 48            SH: 15    Dex: 16    Spells: 8/8 levels left

rFire   . . .        a - +0 hand axe
rCold   . . .        A - +5 Storm Queen's Shield {shock, Fly rElec}
rNeg    + + .        f - +0 chain mail
rPois   .            (no helmet)
rElec   +            (no cloak)
rCorr   .            m - +0 pair of gloves
SInv    .            (no boots)
Will    .....        (no amulet) Stlth
                     r - ring "Mirim" {rN++ AC+4}
HPRegen 0.30/turn    x - ring of flight
MPRegen 0.13/turn

%: no passive effects
@: flying, lightly drained
A: no striking features
a: Renounce Religion, Purification, Heal Other, Heal Self


You were on level 7 of the Dungeon.
You worshipped Elyvilon.
Elyvilon was greatly pleased with you.
You visited 2 branches of the dungeon, and saw 8 of its levels.

You collected 234 gold pieces.
You spent 186 gold pieces at shops.

Inventory:

Hand Weapons
 a - a +0 hand axe (weapon)
Armour
 d - an orb of light
 f - a +0 chain mail (worn)
 m - a +0 pair of gloves (worn)
 s - a +0 plate armour
 A - the +5 Storm Queen's Shield (worn) {shock, Fly rElec}
   (You found it on level 4 of the Dungeon)

   Shock:     When it blocks an attack, it may electrocute the attacker.
   This works even against foes who are a short distance away.
   rElec:     It insulates you from electricity.
   Fly:       It grants you flight.
Jewellery
 r - the ring "Mirim" (left hand) {rN++ AC+4}
   (You found it on level 2 of the Dungeon)

   [ring of protection]

   AC:        It affects your AC (+4).
   rN:        It greatly protects you from negative energy.
 x - a ring of flight (right hand)
 D - a +6 ring of intelligence
Wands
 v - a wand of flame (14)
Scrolls
 b - a scroll of torment
 e - 2 scrolls of vulnerability {unknown}
 h - 3 scrolls of noise {unknown}
 i - a scroll of enchant armour {unknown}
 k - 2 scrolls of blinking
 l - 2 scrolls of fog {unknown}
 n - a scroll of silence {unknown}
 o - 2 scrolls of teleportation {unknown}
 q - a scroll of immolation {unknown}
 y - 2 scrolls of identify
 B - a scroll of butterflies
Potions
 c - a potion of ambrosia
 g - a potion of attraction {unknown}
 j - a potion of haste
 p - 2 potions of brilliance {unknown}
 t - a potion of might {unknown}
 u - 2 potions of curing {unknown}
 w - 2 potions of heal wounds {unknown}
 z - a potion of degeneration {unknown}
 C - a potion of flight {unknown}


   Skills:
 - Level 3.0 Fighting
 * Level 9.4 Axes
 - Level 3.0 Dodging
 + Level 4.6 Shields
 + Level 4.4 Invocations


You had 8 spell levels left.
You didn't know any spells.
Your spell library was empty.

Dungeon Overview and Level Annotations

Branches:
Dungeon (7/15)             Temple (1/1) D:5

Altars:
Elyvilon
Kikubaaqudgha
Qazlal
Ru
Sif Muna

Shops:
D:1 =   D:5 (

Annotations:
D:3 3 runed translucent doors, zzuzz's ghost, amateur DjAE
D:6 Menkaure; Sigmund


Message History

The light of Elyvilon fails to reach the wight.
The phantom hits you but does no damage.
Press: ? - help, Dir - move target, f/p - wight Heal: a wight, wielding a +0 short sword and wearing a +0 robe (chance to pacify: 41%)
The wight turns neutral.
You block the phantom's attack.
The wight hits the wight but does no damage.
You hit the phantom but do no damage. You block the phantom's attack.
The wight barely misses the wight.
The wight hits the wight with a +3 halberd!
You hit the phantom but do no damage. You block the phantom's attack.
You hit the phantom but do no damage.
The wight closely misses the wight.
The wight hits the wight with a +3 halberd!
The wight is destroyed!
You block the phantom's attack.
You hit the phantom.
The phantom is lightly damaged.
The phantom barely misses you.
You closely miss the phantom.
The phantom is lightly damaged.
You block the phantom's attack.
Press: ? - help, Dir - move target, f - wight Heal: a wight, wielding a +3 halberd and wearing a +0 robe (chance to pacify: 42%)
The light of Elyvilon fails to reach the wight.
The phantom hits you but does no damage.
You block the wight's attack.
Press: ? - help, Dir - move target, f/p - wight Heal: a wight, wielding a +3 halberd and wearing a +0 robe (chance to pacify: 42%)
The light of Elyvilon fails to reach the wight.
You can no longer call upon Elyvilon for divine vigour.
You block the phantom's attack.
Your shield discharges, shocking the phantom!
The wight hits you from afar with a +3 halberd!
* * * LOW HITPOINT WARNING * * *
You partially resist.
You feel drained. Elyvilon protects you from harm!
Press: ? - help, Dir - move target, f/p - wight Heal: a wight, wielding a +3 halberd and wearing a +0 robe (chance to pacify: 42%)
The light of Elyvilon fails to reach the wight.
The phantom hits you.
You die...

#. ... ..#.
.....
#.####..)...
#..W@.z.#
#.##.####
#.. ####


You could see a phantom and a wight.

Vanquished Creatures
  A water moccasin (D:5)
  2 ice beasts (D:5)
  A black bear (D:5)
  2 centaurs
  2 scorpions
  2 howler monkeys
  4 hounds
  A gnoll bouda (D:5)
  An orc priest (D:5)
  2 jellies
  2 iguanas
  5 orc wizards
  9 gnolls (D:5)
  7 adders
  A shadow imp (D:5)
  2 white imps
  An ufetubus (D:6)
  2 worms
  17 orcs
  4 bats
  15 endoplasms
  3 giant cockroaches
  7 goblins
  4 hobgoblins
  9 jackals
  3 quokkas (D:2)
  8 ball pythons
  A frilled lizard (D:2)
  9 kobolds
  7 rats
134 creatures vanquished.

Vanquished Creatures (others)
  A phantom (D:6)
  A wight (D:7)
2 creatures vanquished.

Grand Total: 136 creatures vanquished

Notes
Turn   | Place    | Note
-------+----------+-------------------------------------------
     0 | D:1      | FallenXxXSky the Human Monk began the quest for the Orb.
     0 | D:1      | Reached XP level 1. HP: 18/18 MP: 1/1
   119 | D:1      | Found Tuckonut's Jewellery Shop.
   136 | D:1      | Reached XP level 2. HP: 24/24 MP: 2/2
   498 | D:2      | Reached skill level 4 in Axes
   498 | D:2      | Reached XP level 3. HP: 23/29 MP: 3/3
   779 | D:2      | Found a faded altar of an unknown god.
   883 | D:2      | Prayed at the altar of an unknown god.
   883 | D:2      | Became a worshipper of Elyvilon the Healer
   883 | D:2      | Reached * piety under Elyvilon
   883 | D:2      | Reached ** piety under Elyvilon
  1122 | D:2      | Reached *** piety under Elyvilon
  1154 | D:2      | Reached XP level 4. HP: 31/35 MP: 4/4
  1473 | D:2      | Identified the ring "Mirim" {rN++ AC+4}
  1521 | D:2      | Reached skill level 5 in Axes
  1775 | D:3      | Found a shimmering blue altar of Sif Muna.
  1841 | D:3      | Found a runed translucent gate.
  1841 | D:3      | Found a runed translucent gate.
  1841 | D:3      | Found a runed translucent gate.
  1841 | D:3      | Noticed zzuzz's ghost (amateur DjAE)
  1927 | D:3      | Reached **** piety under Elyvilon
  2054 | D:3      | Reached XP level 5. HP: 34/41 MP: 5/5
  2542 | D:4      | Found the +5 Storm Queen's Shield {shock, Fly rElec}
  2583 | D:4      | Reached skill level 6 in Axes
  2723 | D:4      | Reached XP level 6. HP: 47/47 MP: 6/6
  2871 | D:4      | Reached skill level 1 in Shields
  3425 | D:5      | Entered Level 5 of the Dungeon
  3466 | D:5      | Reached skill level 7 in Axes
  3466 | D:5      | Reached XP level 7. HP: 52/52 MP: 7/7
  3471 | D:5      | Reached ***** piety under Elyvilon
  3569 | D:5      | Reached skill level 1 in Invocations
  3765 | D:5      | Found Laen's Antique Weapon Shoppe.
  4277 | D:5      | Reached XP level 8. HP: 58/58 MP: 9/9
  4391 | D:5      | Reached skill level 8 in Axes
  4531 | D:5      | Found a staircase to the Ecumenical Temple.
  4561 | D:5      | Found a stormy altar of Qazlal.
  4729 | D:5      | Bought a runed hand axe for 186 gold pieces
  4745 | Temple   | Entered the Ecumenical Temple
  4773 | D:6      | Noticed Menkaure
  5118 | D:5      | Reached skill level 9 in Axes
  5118 | D:5      | Reached XP level 9. HP: 41/63 MP: 10/12
  5231 | D:6      | Noticed Sigmund
  5254 | D:7      | HP: 1/63 [wight/+3 halberd (12)]
  5254 | D:7      | Elyvilon protects you from harm!
  5255 | D:7      | Slain by a phantom

Illustrated notes

Levels and vault maps discovered:
D:1:      minmay_arrival_up_and_down, layout_rooms, serial_shops,
          nicolae_shop_behind_doors
D:2:      layout_loops_corners, hellmonk_ecumenical_altar_run_dry
D:3:      layout_loops_ring, mainiacjoe_overflow_concentric_impassable,
          ebering_ghost_rock_garden
D:4:      layout_cave_pods, serial_glass, glass_columns_b, glass_columns_a,
          glass_columns_b, glass_columns_a
D:5:      layout_gridville, mainiacjoe_overflow_tiny_flanked, temple_pool_b,
          serial_shops, shop
D:6:      layout_rooms, portal_sewer_entry_e, nicolae_fountain_basement,
          uniq_menkaure, uniq_sigmund
D:7:      layout_basic
Temple:   regret_index_temple_chain_breaker

Skill      XL: |  1  2  3  4  5  6  7  8 |
---------------+-------------------------+-----
Axes           | 4 5 6 7 9 |  9.4
Shields        | 2 3 4 |  4.6
Invocations    | 2 4 |  4.4
Fighting       | |  3.0
Dodging        | |  3.0

Action                     |  1- 3 |  4- 6 |  7- 9 || total
---------------------------+-------+-------+-------++-------
  Melee: Hand axe          |    94 |   199 |   180 ||   473
 Invoke: Heal Other        |       |       |     7 ||     7
    Use: Scroll            |     3 |       |       ||     3
 Armour: Robe              |     5 |       |       ||     5
         Chain mail        |    46 |   125 |   108 ||   279
  Dodge: Dodged            |    35 |    79 |    38 ||   152
  Block: Kite shield       |       |    34 |   167 ||   201
